 Dungeon Crawl Stone Soup version 0.21.0-24-g2553a33 (webtiles) character file.

347 zhorgal the Chopper (level 6, -10/46 HPs)
             Began as a Human Gladiator on Jan 19, 2018.
             Mangled by a kobold
             ... wielding a +0 whip of electrocution
              (18 damage)
             ... on level 3 of the Dungeon.
             The game lasted 00:15:38 (3867 turns).

zhorgal the Chopper (Human Gladiator)               Turns: 3867, Time: 00:15:39

Health: -10/46     AC: 13    Str: 16    XL:     6   Next: 91%
Magic:  6/6        EV:  6    Int:  8    God:
Gold:   103        SH:  0    Dex: 15    Spells: 5/5 levels left

rFire    . . .     SeeInvis .   a - +1 war axe
rCold    . . .     Gourm    .   (no shield)
rNeg     . . .     Faith    .   q - +0 plate armour
rPois    .         Spirit   .   x - +2 helmet
rElec    .         Reflect  .   e - scarf {repulsion}
rCorr    .         Harm     .   (no gloves)
MR       .....                  (no boots)
Stlth    ..........             (no amulet)
HPRegen  0.15/turn              (no ring)
MPRegen  0.10/turn              (no ring)

@: repel missiles
A: no striking features
a: no special abilities


You were on level 3 of the Dungeon.
You were not hungry.

You visited 1 branch of the dungeon, and saw 3 of its levels.

You collected 103 gold pieces.

Inventory:

Hand Weapons
 a - a +1 war axe (weapon)
 k - a +0 dagger of venom
 v - a +0 hunting sling
Missiles
 d - 5 throwing nets (quivered)
 j - 3 tomahawks
 t - 8 javelins
 w - 127 stones
Armour
 e - a scarf of repulsion (worn)
 q - a +0 plate armour (worn)
 x - a +2 helmet (worn)
Magical Staves
 m - an uncursed staff of wizardry
Jewellery
 r - a +4 ring of strength {unknown}
Scrolls
 h - 2 scrolls of blinking
 i - 2 scrolls of immolation
 o - a scroll of magic mapping
 s - 2 scrolls of amnesia
Potions
 l - a potion of curing
 u - a potion of brilliance {unknown}
Comestibles
 f - 7 rations
 g - 6 chunks of flesh


   Skills:
 + Level 2.8 Fighting
 + Level 6.3 Axes
 - Level 2.0 Throwing
 + Level 1.5 Armour
 + Level 3.5 Dodging


You had 5 spell levels left.
You didn't know any spells.

Dungeon Overview and Level Annotations

Branches:
Dungeon (3/15)

Altars:
Cheibriados
Gozag


Message History

Found 28 sling bullets.
Found a stone staircase leading down.
The kobold hits you but does no damage.
A giant cockroach comes into view.
Your plate armour prevents you from hitting the kobold.
The kobold hits you with a whip of electrocution.
You are electrocuted!
You take 13 damage, and have 33/46 hp.
MASSIVE DAMAGE!!
You closely miss the kobold. The kobold barely misses you.
You closely miss the kobold. The kobold hits you but does no damage.
You are electrocuted!
You take 14 damage, and have 19/46 hp.
MASSIVE DAMAGE!!
You are too injured to fight recklessly!
You are too injured to fight recklessly!
Your plate armour prevents you from hitting the kobold.
The kobold hits you but does no damage.
You are electrocuted!
* * * LOW HITPOINT WARNING * * *
You take 12 damage, and have 7/46 hp.
MASSIVE DAMAGE!!
Your plate armour prevents you from hitting the kobold.
The kobold hits you but does no damage.
You are electrocuted!
You die...

#..# #......([.#
##..#######...#.....#
#........<#..#####)##
#...###...#.......(#######
#.....'....#......)......#
#######....#############.#
#....# . #.#
########.##....#######.#
#.>..sK@..'....'.....#..
#.....#####)...# #..##
#.... ...######.## #...
........... #.. ########)#
## #.. ##. #. ##


You could see a giant cockroach and a kobold.

Vanquished Creatures
  A crimson imp (D:3)
  2 orc wizards (D:3)
  Natasha (thrice) (D:2)
  Robin (D:2)
  2 adders
  5 gnolls
  An ooze (D:1)
  3 worms
  A dart slug (D:1)
  2 leopard geckos
  5 orcs (D:3)
  10 bats
  2 giant cockroaches
  15 goblins
  7 hobgoblins
  2 quokkas (D:2)
  A frilled lizard (D:1)
  7 kobolds
  27 rats
97 creatures vanquished.

Notes
Turn   | Place    | Note
-------+----------+-------------------------------------------
     0 | D:1      | zhorgal the Human Gladiator began the quest for the Orb.
     0 | D:1      | Reached XP level 1. HP: 16/16 MP: 1/1
   132 | D:1      | Reached XP level 2. HP: 7/22 MP: 2/2
   442 | D:1      | Reached skill level 4 in Axes
   442 | D:1      | Reached XP level 3. HP: 14/27 MP: 3/3
  1497 | D:2      | Reached XP level 4. HP: 32/33 MP: 4/4
  1701 | D:2      | Found an opulent altar of Gozag.
  1817 | D:2      | Noticed Natasha
  1831 | D:2      | Killed Natasha
  1831 | D:2      | Reached skill level 5 in Axes
  2111 | D:2      | Noticed Natasha
  2122 | D:2      | Killed Natasha
  2122 | D:2      | Reached XP level 5. HP: 12/38 MP: 5/5
  2134 | D:2      | Noticed Natasha
  2149 | D:2      | Killed Natasha
  2448 | D:2      | Noticed Robin
  2467 | D:2      | Killed Robin
  2467 | D:2      | Reached skill level 6 in Axes
  2937 | D:3      | Reached XP level 6. HP: 3/44 MP: 6/6
  3456 | D:3      | Found a snail-covered altar of Cheibriados.
  3518 | D:3      | Reached skill level 1 in Armour
  3867 | D:3      | Mangled by a kobold

Skill      XL: |  1  2  3  4  5  6 |
---------------+-------------------+-----
Axes           | 4 5 6 |  6.3
Armour         | 1 |  1.5
Fighting       | |  2.8
Throwing       | |  2.0
Dodging        | |  3.5

Action                   |  1- 3 |  4- 6 || total
-------------------------+-------+-------++-------
Melee: War axe           |    79 |   220 ||   299
  Use: Scroll            |       |     9 ||     9
       Potion            |       |     2 ||     2
 Stab: Sleeping          |       |     1 ||     1
  Eat: Chunk             |     2 |     8 ||    10
Armor: Leather armour    |    26 |    56 ||    82
       Scale mail        |       |     3 ||     3
       Plate armour      |       |     3 ||     3
Dodge: Dodged            |    72 |   139 ||   211
       Deflected         |     3 |     6 ||     9
